 Dungeon Crawl Stone Soup version 0.31-a0-1338-gb567cfdca4 (webtiles) character file.

Game seed: 1711342283928512578

130 Lobster4 the Firebug (level 5, -1/41 HPs)
             Began as a Hill Orc Fire Elementalist on Dec 21, 2023.
             Shot with an arrow by a centaur (13 damage)
             ... on level 3 of the Dungeon.
             The game lasted 00:05:46 (3534 turns).

Lobster4 the Firebug (Hill Orc Fire Elementalist)   Turns: 3534, Time: 00:05:46

Health: -1/41      AC:  5    Str: 11    XL:     5   Next: 13%
Magic:  8/8        EV: 11    Int: 17    God:
Gold:   144        SH:  0    Dex: 11    Spells: 5/8 levels left

rFire   . . .        k - +0 dagger (venom)
rCold   . . .        (no shield)
rNeg    . . .        h - +0 leather armour
rPois   .            f - +1 helmet
rElec   .            (no cloak)
rCorr   .            (no gloves)
SInv    .            (no boots)
Will    .....        (no amulet)
Stlth   +            (no ring)
HPRegen 0.26/turn    (no ring)
MPRegen 0.11/turn

%: no passive effects
@: no status effects
A: no striking features
a: no special abilities


You were on level 3 of the Dungeon.
You visited 1 branch of the dungeon, and saw 3 of its levels.

You collected 144 gold pieces.

Inventory:

Hand Weapons
 e - a +0 whip
 k - a +0 dagger of venom (weapon)
Armour
 a - a +0 robe
 f - a +1 helmet (worn)
 g - a +0 ring mail
 h - a +0 leather armour (worn)
 m - a +0 kite shield
Wands
 j - a wand of polymorph (6)
Scrolls
 c - 4 scrolls of butterflies {unknown}
 l - 2 scrolls of identify {unknown}
 n - a scroll of teleportation {unknown}
Potions
 b - a potion of magic
 d - a potion of might {unknown}
 i - a potion of berserk rage {unknown}


   Skills:
 + Level 2.0 Fighting
 + Level 1.6 Armour
 + Level 2.2 Dodging
 - Level 1.5 Stealth
 + Level 0.0 Shields
 + Level 2.1 Spellcasting
 + Level 2.0 Conjurations
 + Level 3.7 Fire Magic
 + Level 1.0 Evocations


You had 5 spell levels left.
You knew the following spells:

 Your Spells              Type           Power      Damage    Failure   Level
a - Foxfire               Conj/Fire      44%        2x1d6     8%          1
b - Scorch                Fire           28%        2d6       9%          2

Your spell library contained the following spells:

 Spells                   Type           Power      Damage    Failure   Level
 Inner Flame              Hex/Fire       8%         N/A       34%         3
 Volatile Blastmotes      Fire/Tloc      16%        2d11      34%         3
 Flame Wave               Conj/Fire      11%        2d6       58%         4


Dungeon Overview and Level Annotations

Branches:
Dungeon (3/15)

Altars:
Cheibriados


Message History

Casting: Foxfire (safe; 8% risk of failure)
Confirm with . or Enter, or press ? or * to list all spells.
You conjure some foxfire!
The goblin shouts!
Unknown command.
Found a scroll labelled DUBLAH QABO.
The foxfire hits the goblin.
You kill the goblin!
Casting: Foxfire (safe; 8% risk of failure)
Confirm with . or Enter, or press ? or * to list all spells.
You conjure some foxfire!
The foxfire hits the frilled lizard.
You kill the frilled lizard!
Unknown command.
Casting: Foxfire (safe; 8% risk of failure)
Confirm with . or Enter, or press ? or * to list all spells.
You conjure some foxfire!
Unknown command.
Your foxfire dissipates! x2
Your foxfire dissipates!
There is an open door here.
Your foxfire dissipates!
You see here a frilled lizard corpse.
n - a scroll labelled DUBLAH QABO You see here a frilled lizard corpse.
There is an open door here.
Found a stone staircase leading down.
There is an open door here.
Things that are here:
a +0 club; a +0 sling
There is an open door here.
A centaur comes into view. It is wielding a +0 longbow.
The centaur shouts!
The centaur shoots an arrow.
The arrow closely misses you.
The centaur shoots an arrow.
The arrow hits you!!
You hear a shout!
The centaur shoots an arrow.
The arrow hits you!
* * * LOW HITPOINT WARNING * * *
Okay, then.
The centaur shoots an arrow.
The arrow barely misses you.
The centaur shoots an arrow.
The arrow hits you!
You die...

#.#.# ##.....##. ..
#.#.# #.......#. ...
#.#.# #...†...'. ....
#.#.# #.......#.
....###.#.######.....##.
..............###...##..
.....c........# ######.#
..............# #.#
#...###@#.##### #.# #..
#.#.############.# #.
#................> '
###...............
...................
###################


You could see a centaur.

Vanquished Creatures
  An iron imp (D:3)
  Robin (D:3)
  4 adders (D:2)
  A worm (D:3)
  A dart slug (D:2)
  5 endoplasms (D:2)
  12 goblins
  5 hobgoblins
  3 kobolds
  2 quokkas
  5 ball pythons
  2 bats
  4 frilled lizards
  4 rats
50 creatures vanquished.

Vanquished Creatures (others)
  150 foxfires
150 creatures vanquished.

Grand Total: 200 creatures vanquished

Notes
Turn   | Place    | Note
-------+----------+-------------------------------------------
     0 | D:1      | Lobster4 the Hill Orc Fire Elementalist began the quest for
                  | the Orb.
     0 | D:1      | Reached XP level 1. HP: 14/14 MP: 3/3
   808 | D:1      | Reached XP level 2. HP: 22/22 MP: 2/4
   811 | D:1      | Learned a level 2 spell: Scorch
  1681 | D:2      | Reached skill level 1 in Fighting
  1681 | D:2      | Reached skill level 1 in Armour
  1681 | D:2      | Reached XP level 3. HP: 22/28 MP: 1/5
  2493 | D:3      | Noticed Robin
  2519 | D:3      | Reached XP level 4. HP: 35/35 MP: 2/6
  3003 | D:3      | Killed Robin
  3157 | D:3      | Found a snail-covered altar of Cheibriados.
  3178 | D:3      | Reached skill level 1 in Evocations
  3178 | D:3      | Reached XP level 5. HP: 28/41 MP: 2/8
  3529 | D:3      | Noticed a centaur
  3534 | D:3      | Shot with an arrow by a centaur

Illustrated notes

Levels and vault maps discovered:
D:1:      dpeg_arrival_stone_temple_mockup, layout_basic
D:2:      layout_basic, minmay_tromino_v4_a
D:3:      kennysheep_six_static_rooms, layout_basic, lightli_temple_of_fire,
          chei_slow_surprise, gammafunk_temple_overflow_pools, tgw_trog,
          uniq_robin

Skill      XL: |  1  2  3  4  5 |
---------------+----------------+-----
Fighting       | 1 2 |  2.0
Armour         | 1 |  1.6
Dodging        | 2 |  2.2
Spellcasting   | 2 |  2.1
Evocations     | 1 |  1.0
Conjurations   | 2 |  2.0
Stealth        | |  1.5
Fire Magic     | |  3.7

Action                     |  1- 3 |  4- 6 || total
---------------------------+-------+-------++-------
  Melee: Unarmed           |     3 |       ||     3
         Whip              |     5 |       ||     5
         Dagger            |       |    13 ||    13
   Cast: Foxfire           |    52 |    38 ||    90
         Scorch            |       |     5 ||     5
 Armour: Robe              |     2 |       ||     2
         Leather armour    |     6 |    17 ||    23
  Dodge: Dodged            |    13 |    19 ||    32

Table legend: (Time is in decaauts)
 A = Elapsed time spent in this place.
 B = Non-inter-level travel time spent in this place.
 C = Inter-level travel time spent in this place.
 D = Time resting spent in this place.
 E = Time spent auto-exploring this place.
 F = Levels seen in this place.
 G = Mean time per level.
                   A        B        C        D        E       F      G
               +--------+--------+--------+--------+--------+-----+--------+
         Total |   3535 |   3370 |    165 |    528 |   2380 |   3 | 1178.3 |
       Dungeon |   3535 |   3370 |    165 |    528 |   2380 |   3 | 1178.3 |
               +--------+--------+--------+--------+--------+-----+--------+

Top non-repeatable levels by time:
     D:2: 1430 daAuts
     D:1: 1149 daAuts
     D:3: 956 daAuts
